 Dungeon Crawl Stone Soup version 0.19.3 (webtiles) character file.

118328 dngmouse the Warrior (level 16, 0/158 HPs)
             Began as a Minotaur Fighter on Jan 22, 2017.
             Was the Champion of Okawaru.
             Slain by a redback (7 damage)
             ... on level 3 of the Spider Nest.
             The game lasted 01:46:02 (25207 turns).

dngmouse the Warrior (Minotaur Fighter)            Turns: 25207, Time: 01:46:03

Health: 0/158      AC: 35    Str: 23    XL:     16   Next: 25%
Magic:  0/26       EV: 21    Int:  7    God:    Okawaru [******]
Gold:   2668       SH:  8    Dex: 17    Spells: 0 memorised, 15 levels left

rFire  + . .     SeeInvis +     i - +8 whip "Snakebite" {curare, rPois}
rCold  + . .     Gourm    .     l - +3 plate armour {rC+}
rNeg   . . .     Faith    .     H - +1 buckler of Okawaru's Supremacy {SInv}
rPois  +         Spirit   +     o - +2 hat of Vuwkogos {rElec}
rElec  +         Reflect  .     Y - +2 cloak {rPois}
rCorr  .         Harm     .     j - +2 pair of gloves
MR     +....     Rnd*Rage +     m - +2 pair of boots {Fly}
Stlth  ..........               N - amulet of guardian spirit
                                Q - +2 ring of evasion
                                F - ring of protection from fire

@: lethally poisoned (0 -> -1), heroism, flying, slowed, very slow
A: retaliatory headbutt, horns 2, repulsion field 1, agile 1, berserk 1, clever
1, MP-powered wands
a: Heroism, Finesse, Renounce Religion, Stop Flying


You were on level 3 of the Spider Nest.
You worshipped Okawaru.
Okawaru was exalted by your worship.
You were very hungry.

You visited 5 branches of the dungeon, and saw 25 of its levels.
You also visited: Bailey and Ice Cave.

You collected 2955 gold pieces.
You spent 287 gold pieces at shops.

Inventory:

Hand Weapons
 i - the +8 whip "Snakebite" (weapon) {curare, rPois}
   (You acquired it on level 13 of the Dungeon)

   It poisons the flesh of those it strikes.
   It protects you from poison.
Armour
 j - a +2 pair of gloves (worn)
 l - a +3 plate armour of cold resistance (worn)
 m - a +2 pair of boots of flying (worn)
 o - the +2 hat of Vuwkogos (worn) {rElec}
   (Okawaru gifted it to you on level 6 of the Lair of Beasts)

   It insulates you from electricity.
 H - the +1 buckler of Okawaru's Supremacy (worn) {SInv}
   (Okawaru gifted it to you on level 6 of the Lair of Beasts)

   It lets you see invisible.
 S - the +4 scale mail of Dunimyqi {+Blink +Inv rF+ MR+}
   (You found it on level 9 of the Dungeon)

   It protects you from fire.
   It affects your resistance to hostile enchantments.
   It lets you turn invisible.
   It lets you blink.
 V - the +0 hat of the Arcane {Regen+ Int+2 Stlth-}
   (Okawaru gifted it to you on level 11 of the Dungeon)

   It affects your intelligence (+2).
   It increases your rate of regeneration.
   It makes you less stealthy.
 Y - a +2 cloak of poison resistance (worn)
Jewellery
 F - a ring of protection from fire (left hand)
 N - an amulet of guardian spirit (around neck)
 Q - a +2 ring of evasion (right hand)
 W - an uncursed ring of protection from cold
 X - an uncursed ring of protection from cold
Wands
 b - a wand of disintegration (12/24)
 n - a wand of heal wounds (6/9)
 s - a wand of paralysis (11/24)
 z - a wand of heal wounds (3/9)
 I - a wand of confusion (21/48)
 M - a wand of enslavement (23/24)
 O - a wand of heal wounds (3/9)
 P - a wand of paralysis (13/24)
Scrolls
 c - a scroll of holy word {unknown}
 g - 18 scrolls of identify
 k - 13 scrolls of remove curse
 r - a scroll of enchant weapon
 u - a scroll of enchant armour
 v - a scroll of fear
 y - 4 scrolls of teleportation
 C - a scroll of fog
 E - 4 scrolls of summoning
 T - 2 scrolls of blinking
Potions
 a - 2 potions of cancellation
 d - 3 potions of might
 e - 7 potions of heal wounds
 h - a potion of beneficial mutation
 q - 3 potions of invisibility
 w - 14 potions of curing
 x - a potion of resistance
 D - 4 potions of haste
Miscellaneous
 A - a fan of gales (inert)
 B - a phial of floods (inert)
 K - a phantom mirror
Comestibles
 f - 16 bread rations
 p - a beef jerky
 t - 14 meat rations
 G - a royal jelly
 R - 23 fruits


   Skills:
 * Level 18.3(23.3) Fighting
 - Level 13.0(18.0) Maces & Flails
 + Level 13.8(18.8) Armour
 + Level 11.0(16.0) Dodging
 - Level 5.4(10.4) Shields
 * Level 15.4 Invocations
 - Level 3.0 Evocations


You had 15 spell levels left.
You didn't know any spells.

Dungeon Overview and Level Annotations

Branches:
Dungeon (13/15)            Temple (1/1) D:6            Lair (6/6) D:10
  Swamp (0/4) Lair:3       Spider (3/4) Lair:2        Slime (0/5) Lair:5
    Orc (2/2) D:10            Elf (0/3) Orc:2        Vaults (0/5) D:13

Altars:
Ashenzari
Cheibriados
Dithmenos
Elyvilon
Fedhas
Gozag
Hepliaklqana
Kikubaaqudgha
Makhleb
Nemelex Xobeh
Okawaru
Qazlal
Ru
Sif Muna
Trog
Uskayaw
Vehumet
Xom
Yredelemnul
Zin
The Shining One

Shops:
D:5 %   D:10 [   D:12 %   D:13 [   Orc:2 ?[*?


Innate Abilities, Weirdness & Mutations

You reflexively headbutt those who attack you in melee.
You have a pair of horns on your head.
You are surrounded by a mild repulsion field. (EV +2)
You are agile. (Dex +2)
You tend to lose your temper in combat.
Your mind is acute. (Int +2)
You expend magic power (3 MP) to strengthen your wands.


Message History

The redback barely misses your water elemental.
The redback bites you but does no damage.
The torpor snail struggles to get unstuck from the web.
The wolf spider hits you but does no damage.
The wolf spider bites you but does no damage.
The redback bites your water elemental!
Your water elemental is destroyed!
The redback misses you.
You feel sick. The spark wasp barely misses you.
The redback splashes around in the water.
You block the redback's attack. The spark wasp barely misses you.
You furiously retaliate!
You headbutt the spark wasp! The redback closely misses you.
You block the wolf spider's attack.
The wolf spider bites you but does no damage.
The torpor snail pulls away from the web.
The redback completely misses you. The spark wasp completely misses you.
You feel sick.
The spark wasp stings you but does no damage. x2
The redback bites you!
You die...

#.#.....#.....#
^#.#......#......##
.......†#.......^.#
#^#.......<......^#
...).............##
.....#.......#^#..#
.#......#..#.#....#
..........#.....###
#......^...^...s@s##
.....!...##..#.#ys^###
..............sssss.#
.....#........sw#≈≈..#
..#....#...^..^≈.≈(..#
#......>.#...........#
.......#.......^..(..#
.#........###.....####
..##....#..^....^..#


You could see a spark wasp, a torpor snail, a wolf spider and 8 redbacks.

Vanquished Creatures
  Rupert (D:13)
  Gastronok (Lair:1)
  A frost giant (IceCv)
  A vault warden (D:13)
  An entropy weaver (Spider:1)
  Josephine (D:13)
  4 ogre magi (Orc:2)
  Fannar (Orc:1)
  8 hydras
  4 catoblepae
  3 vault guards (D:13)
  2 death knights (D:12)
  10 death yaks
  The ghost of Tramtrist the Unseen, a journeyman SpAs of Trog (D:10)
  3 unseen horrors
  3 hill giants
  11 orb spiders
  8 orc knights
  9 wolf spiders
  3 manticores
  A deep elf mage (D:13)
  3 orc sorcerers
  A cyclops (D:10)
  An ice statue (IceCv)
  Joseph (D:9)
  2 black mambas
  2 moths of wrath (Spider:1)
  16 elephants
  Maurice (D:13)
  A gargoyle (D:10)
  Psyche (D:9)
  A centaur skeleton (D:12)
  9 spiny frogs
  2 torpor snails
  6 rime drakes
  4 komodo dragons
  5 demonic crawlers (Spider:2)
  2 ice devils (Lair:6)
  2 freezing wraiths (D:12)
  17 jumping spiders
  4 hornets
  14 polar bears (IceCv)
  2 trolls
  23 blink frogs
  11 two-headed ogres (Orc:2)
  5 slime creatures
  13 hippogriffs
  5 wraiths
  26 redbacks
  56 yaks
  17 tarantellas
  6 wyverns
  Eustachio (D:5)
  A hog (shapeshifter) (D:13)
  A steam dragon (D:11)
  3 hungry ghosts
  3 wargs
  A mottled dragon (D:12)
  3 vampire mosquitoes (D:13)
  4 swamp worms (Lair:3)
  10 water moccasins
  A hornet zombie (D:12)
  11 porcupines
  Duvessa (D:6)
  27 orc warriors
  3 ice beasts
  A necrophage (D:9)
  4 sky beasts
  A black bear (D:12)
  An eye of draining (D:9)
  35 ogres
  5 centaurs
  2 phantoms
  25 wolves
  19 crocodiles
  2 big kobolds
  23 bullfrogs
  A gnoll sergeant (D:10)
  Dowan (D:6)
  2 wyvern skeletons
  3 scorpions
  7 killer bees (D:12)
  3 wights (D:13)
  2 howler monkeys
  3 electric eels
  3 centaur zombies
  5 crimson imps
  A bullfrog zombie (D:13)
  3 jellies
  6 bullfrog skeletons
  17 orc priests
  6 hounds
  3 iguanas
  22 orc wizards
  10 worker ants
  3 hound zombies
  A hound skeleton (D:8)
  A howler monkey zombie (D:6)
  6 gnolls
  13 adders
  6 shadow imps
  2 oozes
  An adder zombie (D:10)
  3 worms
  A dart slug (D:4)
  7 leopard geckos
  117 orcs
  5 giant cockroaches
  9 goblins
  9 hobgoblins
  4 jackals
  13 kobolds
  7 quokkas
  A ball python (D:2)
  2 bats (D:1)
  9 frilled lizards
  A leopard gecko skeleton (D:4)
  6 rats
  A butterfly (Lair:2)
  2 plants
852 creatures vanquished.

Vanquished Creatures (others)
  Erolcha (D:13)
  A vault guard (D:13)
  A jumping spider (Spider:2)
  A polar bear (IceCv)
  A yak (IceCv)
  3 fungi
  7 plants
15 creatures vanquished.

Grand Total: 867 creatures vanquished

Notes
Turn   | Place    | Note
-------+----------+-------------------------------------------
     0 | D:1      | dngmouse the Minotaur Fighter began the quest for the Orb.
     0 | D:1      | Reached XP level 1. HP: 19/19 MP: 0/0
   127 | D:1      | Reached XP level 2. HP: 27/27 MP: 1/1
  1083 | D:2      | Reached skill level 4 in Fighting
  1083 | D:2      | Reached XP level 3. HP: 33/33 MP: 2/2
  1704 | D:3      | Found a glowing golden altar of the Shining One.
  1710 | D:3      | Reached XP level 4. HP: 38/40 MP: 3/3
  1714 | D:3      | Reached skill level 5 in Maces & Flails
  2037 | D:3      | Reached XP level 5. HP: 29/46 MP: 4/4
  2077 | D:3      | Found a basalt altar of Yredelemnul.
  2137 | D:3      | Found a blossoming altar of Fedhas.
  2561 | D:4      | Noticed an ogre
  2569 | D:4      | Killed an ogre
  2569 | D:4      | Reached XP level 6. HP: 24/52 MP: 5/5
  2936 | D:4      | Noticed a sky beast
  2954 | D:4      | Killed a sky beast
  3203 | D:4      | Found a stormy altar of Qazlal.
  3221 | D:4      | Found a sparkling altar of Nemelex Xobeh.
  3273 | D:4      | Reached XP level 7. HP: 59/59 MP: 6/6
  3422 | D:5      | Entered Level 5 of the Dungeon
  3530 | D:5      | Found Goecs's Food Boutique.
  3535 | D:5      | Got a bone flail
  3536 | D:5      | Identified the +1 flail "Qahey" {crush, rF+ Str+2} (You found it on level 5 of the Dungeon)
  3580 | D:5      | Noticed Eustachio
  3589 | D:5      | Killed Eustachio
  3589 | D:5      | Reached skill level 10 in Maces & Flails
  4032 | D:6      | Reached XP level 8. HP: 63/66 MP: 7/7
  4365 | D:6      | Noticed Duvessa
  4365 | D:6      | Noticed Dowan
  4379 | D:6      | Killed Duvessa
  4383 | D:6      | Killed Dowan
  4470 | D:6      | Found a staircase to the Ecumenical Temple.
  4623 | Temple   | Entered the Ecumenical Temple
  4648 | Temple   | Became a worshipper of Warmaster Okawaru
  5263 | D:7      | Reached skill level 1 in Invocations
  5269 | D:7      | Reached * piety under Okawaru
  5731 | D:7      | Reached XP level 9. HP: 67/73 MP: 9/9
  5906 | D:8      | Reached skill level 5 in Fighting
  6369 | D:8      | Reached skill level 6 in Fighting
  6389 | D:8      | Reached ** piety under Okawaru
  6431 | D:8      | Reached skill level 5 in Armour
  6605 | D:8      | Reached skill level 7 in Fighting
  6972 | D:9      | Noticed Joseph
  6996 | D:9      | Killed Joseph
  6996 | D:9      | Reached skill level 5 in Invocations
  7178 | D:9      | Reached *** piety under Okawaru
  7339 | D:9      | Reached skill level 8 in Fighting
  7339 | D:9      | Reached XP level 10. HP: 78/88 MP: 13/13
  7583 | D:9      | Got a faintly humming scale mail
  7594 | D:9      | Identified the +4 scale mail of Dunimyqi {+Blink +Inv rF+ MR+} (You found it on level 9 of the Dungeon)
  7652 | D:9      | Noticed Psyche
  7662 | D:9      | Killed Psyche
  7662 | D:9      | Reached **** piety under Okawaru
  7940 | D:10     | Entered Level 10 of the Dungeon
  7950 | D:10     | Noticed Tramtrist's ghost (journeyman SpAs)
  8286 | D:10     | Noticed a gargoyle
  8311 | D:10     | Killed a gargoyle
  8311 | D:10     | Reached skill level 9 in Fighting
  8376 | D:10     | Noticed a manticore
  8391 | D:10     | Killed a manticore
  8581 | D:10     | Reached skill level 1 in Evocations
  8662 | D:10     | Noticed a manticore
  8677 | D:10     | Killed a manticore
  8677 | D:10     | Reached skill level 10 in Fighting
  8865 | D:10     | Found a staircase to the Orcish Mines.
  8865 | D:10     | Found Dorij's Armour Boutique.
  9072 | D:10     | Found a staircase to the Lair.
  9073 | D:10     | Noticed a hill giant
  9294 | D:10     | Killed a hill giant
  9294 | D:10     | Reached ***** piety under Okawaru
  9446 | D:10     | Killed Tramtrist's ghost
  9446 | D:10     | Reached XP level 11. HP: 91/101 MP: 8/15
  9651 | D:11     | Reached skill level 11 in Fighting
  9656 | D:11     | Paralysed by a hornet for 3 turns
  9889 | D:11     | Noticed a hill giant
  9910 | D:11     | Killed a hill giant
 10092 | D:11     | Killed an unseen horror
 10092 | D:11     | Received a gift from Okawaru
 10093 | D:11     | Got a dazzling hat {god gift}
 10099 | D:11     | Identified the +0 hat of the Arcane {Regen+ Int+2 Stlth-} (Okawaru gifted it to you on level 11 of the Dungeon)
 10430 | D:11     | Noticed an orc knight
 10487 | D:11     | Killed an orc knight
 10689 | D:12     | Reached skill level 12 in Fighting
 10778 | D:12     | Noticed a hill giant
 10788 | D:12     | Killed a hill giant
 10788 | D:12     | Reached skill level 1 in Dodging
 10815 | D:12     | Noticed a death knight
 10841 | D:12     | Killed a death knight
 10884 | D:12     | Found a flagged portal.
 10903 | Bailey   | Entered a bailey
 10963 | Bailey   | Gained mutation: You tend to lose your temper in combat. [mutagenic glow]
 11023 | Bailey   | Gained mutation: You expend magic power (3 MP) to strengthen your wands. [mutagenic glow]
 11074 | Bailey   | Noticed an orc knight
 11074 | Bailey   | Noticed an orc knight
 11098 | Bailey   | Killed an orc knight
 11123 | Bailey   | Reached XP level 12. HP: 43/113 MP: 5/18
 11124 | Bailey   | Gained mutation: You are surrounded by a mild repulsion field. (EV +2) [potion of mutation]
 11124 | Bailey   | Gained mutation: Your mind is acute. (Int +2) [potion of mutation]
 11275 | Bailey   | Gained mutation: You are agile. (Dex +2) [potion of beneficial mutation]
 11758 | D:12     | Reached skill level 13 in Fighting
 11806 | D:12     | Found Xeonacw's Food Boutique.
 11985 | D:12     | Reached skill level 10 in Armour
 12037 | D:12     | Reached skill level 5 in Dodging
 12044 | D:12     | Reached skill level 10 in Invocations
 12109 | D:12     | Noticed a death knight
 12147 | D:12     | Killed a death knight
 12155 | D:12     | Received a gift from Okawaru
 12321 | D:13     | Noticed Josephine
 12363 | D:13     | Killed Josephine
 12500 | D:13     | Noticed Rupert
 12532 | D:13     | Killed Rupert
 12713 | D:13     | Reached skill level 5 in Shields
 12810 | D:13     | Reached XP level 13. HP: 123/123 MP: 20/20
 12957 | D:13     | Noticed Erolcha
 12959 | D:13     | Reached skill level 14 in Fighting
 12979 | D:13     | Received a gift from Okawaru
 12980 | D:13     | Got a crude cloak {god gift}
 13000 | D:13     | Identified the +1 cloak of the Mantidfly {Int+2} (Okawaru gifted it to you on level 13 of the Dungeon)
 13002 | D:13     | Your ally died
 13009 | D:13     | Noticed Maurice
 13017 | D:13     | Killed Maurice
 13018 | D:13     | Noticed a vault warden
 13029 | D:13     | Killed a vault warden
 13127 | D:13     | Found a gate to the Vaults.
 13132 | D:13     | Identified 3 scrolls of acquirement
 13215 | D:13     | Found Qideinn's Armour Boutique.
 13643 | Orc:1    | Entered Level 1 of the Orcish Mines
 13766 | Orc:1    | Noticed Fannar
 13788 | Orc:1    | Killed Fannar
 14135 | Orc:2    | Entered Level 2 of the Orcish Mines
 14318 | Orc:2    | Found a staircase to the Elven Halls.
 14777 | Orc:2    | Received a gift from Okawaru
 14790 | Orc:2    | Reached skill level 15 in Fighting
 14974 | Orc:2    | Found Jexeus's General Store.
 14974 | Orc:2    | Found Pymn's Magic Scroll Emporium.
 14975 | Orc:2    | Found Oloff's Magic Scroll Shoppe.
 14975 | Orc:2    | Found Syiryloang's Armour Shop.
 14985 | Orc:2    | Bought a scroll of identify for 28 gold pieces
 14985 | Orc:2    | Bought a scroll of identify for 28 gold pieces
 14986 | Orc:2    | Bought a +1 pair of boots of flying for 231 gold pieces
 15134 | Orc:2    | Reached XP level 14. HP: 135/135 MP: 22/22
 15229 | Lair:1   | Entered Level 1 of the Lair of Beasts
 15229 | Lair:1   | Noticed Gastronok
 15447 | Lair:1   | Killed Gastronok
 15754 | Lair:1   | Reached ****** piety under Okawaru
 16121 | Lair:2   | Found a hole to the Spider Nest.
 16400 | Lair:2   | Received a gift from Okawaru
 17599 | Lair:3   | Found a staircase to the Swamp.
 17807 | Lair:3   | Found a blossoming altar of Fedhas.
 17847 | Lair:3   | Reached skill level 16 in Fighting
 17857 | Lair:3   | Received a gift from Okawaru
 19099 | Lair:4   | Received a gift from Okawaru
 19735 | Lair:5   | Found a staircase to the Slime Pits.
 20095 | Lair:6   | Entered Level 6 of the Lair of Beasts
 20105 | Lair:6   | Received a gift from Okawaru
 20106 | Lair:6   | Got a bloodstained buckler {god gift}
 20142 | Lair:6   | Identified the +1 buckler of Okawaru's Supremacy {SInv} (Okawaru gifted it to you on level 6 of the Lair of Beasts)
 20250 | Lair:6   | Reached XP level 15. HP: 145/145 MP: 24/24
 20274 | Lair:6   | Found a frozen archway.
 20304 | IceCv    | Entered an ice cave
 20632 | IceCv    | Reached skill level 17 in Fighting
 20788 | IceCv    | Noticed a frost giant
 20843 | IceCv    | Killed a frost giant
 21133 | IceCv    | Got a pitted bone amulet
 21280 | IceCv    | Identified the amulet of Ephemeral Luck {Inacc *Corrode rN+ MR+++ SInv} (You found it in an ice cave)
 21658 | Lair:6   | Received a gift from Okawaru
 21668 | Lair:6   | Got a steaming mace {god gift}
 21669 | Lair:6   | Identified the +1 mace of Ambiguity {crush, MR- Int+3 Dex+8} (Okawaru gifted it to you on level 6 of the Lair of Beasts)
 21960 | Lair:6   | Reached skill level 10 in Dodging
 22589 | Lair:6   | Received a gift from Okawaru
 22590 | Lair:6   | Got a brightly glowing hat {god gift}
 22626 | Lair:6   | Identified the +2 hat of Vuwkogos {rElec} (Okawaru gifted it to you on level 6 of the Lair of Beasts)
 22802 | Spider:1 | Entered Level 1 of the Spider Nest
 23770 | Spider:1 | Reached skill level 15 in Invocations
 23978 | Spider:2 | Reached skill level 18 in Fighting
 24004 | Spider:2 | Reached XP level 16. HP: 157/157 MP: 17/26
 24345 | Spider:2 | Received a gift from Okawaru
 25207 | Spider:3 | HP: 7/158 [poisoned by a wolf spider]
 25207 | Spider:3 | Slain by a redback

Skill      XL: |  1  2  3  4  5  6  7  8  9 10 11 12 13 14 15 16 |
---------------+-------------------------------------------------+-----
Maces & Flails | 3 4 6 7 9 11 13 | 13.0
Fighting       | 4 8 10 12 13 15 16 18 | 18.3
Invocations    | 2 5 7 9 10 12 13 15 | 15.4
Armour         | 4 5 7 9 10 11 12 13 | 13.8
Evocations     | 3 |  3.0
Dodging        | 3 5 7 9 10 11 | 11.0
Shields        | 5 |  5.4

Action                   |  1- 3 |  4- 6 |  7- 9 | 10-12 | 13-15 | 16-18 || total
-------------------------+-------+-------+-------+-------+-------+-------++-------
Melee: Flail             |    44 |       |   276 |   782 |   120 |       ||  1222
       Headbutt          |     9 |    32 |    58 |   212 |   460 |    54 ||   825
       Whip              |    58 |   167 |    21 |       |  1502 |   168 ||  1916
Invok: Heroism           |       |       |       |    14 |     7 |     1 ||    22
       Finesse           |       |       |       |     7 |     1 |       ||     8
 Abil: Evoke Invisibilit |       |       |       |    11 |     1 |       ||    12
Evoke: Wand              |       |       |       |       |     1 |       ||     1
       Fan of gales      |       |       |       |       |       |     1 ||     1
       Phial of floods   |       |       |       |       |       |     1 ||     1
  Use: Potion            |       |       |     3 |    11 |     2 |       ||    16
       Scroll            |       |       |       |     5 |    22 |       ||    27
 Stab: Invisible         |       |       |       |    29 |     1 |       ||    30
  Eat: Chunk             |     3 |     4 |    13 |    28 |    36 |     3 ||    87
       Pizza             |       |       |       |     1 |       |       ||     1
       Fruit             |       |       |       |     1 |     1 |       ||     2
Armor: Scale mail        |    37 |    61 |    37 |   216 |    51 |       ||   402
       Ring mail         |       |       |    56 |     4 |       |       ||    60
       Plate armour      |       |       |       |       |   421 |    98 ||   519
Dodge: Dodged            |    22 |    33 |    74 |   312 |   793 |   153 ||  1387
Block: Shield            |    42 |    50 |   129 |   243 |       |       ||   464
       Buckler           |       |       |       |    33 |   317 |    63 ||   413
